cohdb
Replays
Latest Replays
All Replays
Popular Replays
Top Player Replays
Match Explorer
How It Works
Community
CoH3 Stats
Reddit
Sign in to upload your games and track your stats! →
Sign in with Steam
Match 41234698
Unlisted
Match 41234698
Overview
Messages
Build Orders
End
Kradschützen Motorcycle Team
Panzerpioneer Squad
Panzergrenadier Squad
Construct Light Support Kompanie
Fire Support Elements
Panzerpioneer Squad
Selects Panzerjäger Kommand Battlegroup
Selects Mine Fields
Panzerjäger Mechanized Group
Selects Defensive Positions
Flakvierling Half-track
2.5-tonne Medical Truck
Selects Butterfly Bomb Drop
Vehicle Survival Package
Assault Grenadier Squad
Selects Tank Busters
Construct Panzerarmee Kommand
Butterfly Bomb Drop
Panzer III L Medium Tank
Selects Crew Shock Tactics
Panzerpioneer Squad
Panzerjäger Mechanized Group
Panzer III L Medium Tank
Pak 38 Anti-tank Gun Team
Butterfly Bomb Drop
Armored Reserves
Walking Stuka Rocket Launcher
Selects Anti-tank Overwatch
Panzer IV Assault Group
Walking Stuka Rocket Launcher
Anti-tank Overwatch
Emergency Repair Kits
Panzer IV Assault Group
只愛❤毛妹
JackSparrow
0
0
Comments
sign in to comment!
No comments posted yet!